Map: Winter Madness LE

Players

SZNightMare (NightMare)

  • Race: Protoss Protoss
  • League: Master
  • Spawn Location: 11:00

Lambo - Winner!

  • Race: Zerg Zerg
  • League: Grandmaster
  • Spawn Location: 5:00

VOD

Have the link to the VOD?

Description

Time

  • Played on: Jan. 30, 2026, 9:49 a.m.
  • Length: 12:48
Show
View Real Time Build Order
Export as new Build Order

SZNightMare Protoss 

Build Orders: 1 Gate Expand, Oracle Opening 

Get SALT Encoding   

  12  0:00  Probe  
  13  0:12  Probe  
  14  0:20  Pylon  
  14  0:24  Probe  
  15  0:35  Probe  
  15  0:41  Gateway  
  16  0:43  Probe  
  17  0:50  Assimilator  
  17  0:52  Probe  
  18  1:05  Probe  
  19  1:17  Probe  
  20  1:29  Nexus  
  20  1:38  Cybernetics Core  
  20  1:41  Probe  
  21  1:48  Assimilator  
  21  1:53  Probe  
  22  1:57  Pylon  
  22  2:05  Adept  
  22  2:06  Probe  
  25  2:18  Probe  
  25  2:20  Stargate  
  26  2:26  Adept  
  26  2:30  Probe, Warp Gate  
  29  2:41  Probe  
  29  2:42  Probe  
  31  2:53  Probe  
  31  2:54  Probe  
  31  2:55  Adept  
  31  2:56  Oracle  
  35  3:05  Probe  
  35  3:06  Probe  
  35  3:12  Pylon  
  40  3:18  Probe x2  
  42  3:23  Gateway  
  42  3:25  Oracle  
  42  3:31  Probe x2  
  47  3:43  Probe x2  
  49  3:52  Nexus  
  49  3:59  Probe x2  
  50  4:05  Twilight Council  
  50  4:07  Pylon  
  50  4:11  Probe x2  
  52  4:22  Gateway  
  52  4:23  Probe x2, Gateway  
  54  4:27  Pylon  
  54  4:32  Blink  
  54  4:33  Adept x2  
  54  4:36  Probe, Assimilator  
  54  4:37  Probe  
  60  4:48  Probe  
  60  4:49  Probe  
  62  4:59  Stalker  
  61  5:00  Probe, Assimilator  
  61  5:01  Probe  
  61  5:03  Forge  
  61  5:05  Stalker  
  65  5:11  Probe  
  65  5:12  Robotics Facility, Probe  
  67  5:16  Probe  
  67  5:19  Probe  
  66  5:24  Probe x2  
  69  5:29  Protoss Ground Weapons Level 1  
  69  5:31  Pylon  
  69  5:33  Stalker x3  
  75  5:40  Gateway, Probe x2  
  75  5:41  Probe  
  70  5:50  Gateway  
  70  5:52  Gateway  
  70  5:54  Probe x2  
  72  5:58  Warp Prism, Stalker  
  72  6:00  Zealot  
  76  6:07  Probe  
  76  6:10  Pylon  
  79  6:12  Pylon  
  79  6:15  Shield Battery  
  79  6:19  Stalker  
  79  6:22  Stalker  
  83  6:26  Stalker  
  83  6:31  Stalker  
  87  6:35  Assimilator, Robotics Bay  
  87  6:36  Observer  
  87  6:38  Probe x3  
  91  6:41  Pylon  
  91  6:52  Pylon  
  91  6:56  Stalker  
  91  6:57  Stalker x4  
  91  7:00  Pylon  
  91  7:01  Pylon  
  101  7:04  Zealot x2  
  100  7:09  Robotics Facility  
  100  7:13  Colossus  
  98  7:16  Probe  
  98  7:17  Probe x2  
  87  7:25  Probe  
  87  7:29  Probe x2  
  95  7:36  Probe, Zealot  
  95  7:37  Zealot  
  99  7:41  Probe  
  99  7:42  Zealot  
  99  7:43  Zealot  
  105  7:49  Zealot x2, Colossus  
  77  8:02  Stalker x3, Probe  
  77  8:04  Probe  
  91  8:06  Probe  
  92  8:14  Probe  
  92  8:16  Probe  
  92  8:18  Probe  
  93  8:26  Probe  
  94  8:27  Sentry x3  
  94  8:28  Sentry, Probe  
  94  8:30  Probe, Photon Cannon  
  104  8:36  Pylon  
  104  8:37  Pylon  
  104  8:40  Stalker x3  
  110  8:45  Probe  
  113  8:48  Pylon  
  113  8:51  Pylon, Assimilator  
  111  9:03  Stalker x2  
  111  9:04  Stalker x3  
  111  9:05  Sentry x2  
  125  9:27  Stalker x5  
  125  9:28  Zealot  
  125  9:29  Zealot  
  139  9:32  Colossus  
  132  9:42  Colossus  
  142  9:45  Pylon  
  142  9:52  Stalker x3  
  144  10:01  Zealot  
  144  10:02  Zealot x3  
  144  10:06  Pylon  
  139  10:15  Stalker x3  
  129  10:25  Probe x2  
  129  10:26  Probe  
  123  10:39  Observer x2  
  125  10:44  Probe  
  125  10:45  Probe x2  
  125  10:48  Warp Prism  
  128  11:00  Stalker x5  
  139  11:23  Stalker x6  
  151  11:40  Zealot  
  151  11:46  Zealot x3  
  145  11:51  Stalker x3  
  129  12:08  Nexus  
Show
View Real Time Build Order
Export as new Build Order

Lambo Zerg - Winner!

Build Orders: Hatch First, Lurkers 

Get SALT Encoding   

  12  0:00  Drone  
  13  0:08  Drone  
  13  0:14  Extractor, Drone  
  15  0:21  Overlord  
  15  0:39  Drone  
  16  0:45  Hatchery  
  16  0:48  Drone  
  16  0:52  Drone  
  16  0:55  Drone  
  18  1:06  Extractor  
  18  1:11  Spawning Pool  
  16  1:14  Drone  
  16  1:17  Drone  
  18  1:26  Drone  
  19  1:37  Drone  
  20  1:48  Drone  
  21  1:57  Queen  
  21  1:58  Queen  
  21  1:59  Zergling x2  
  21  2:00  Overlord  
  26  2:08  Drone  
  27  2:10  Zergling x2  
  27  2:12  Metabolic Boost  
  28  2:21  Drone x2  
  30  2:31  Drone x2  
  30  2:37  Queen  
  34  2:47  Hatchery  
  34  2:50  Overlord  
  33  2:53  Zergling x2  
  33  2:55  Drone  
  35  3:00  Zergling x2  
  36  3:10  Drone x4  
  36  3:11  Zergling x6  
  43  3:15  Overlord  
  43  3:24  Drone  
  44  3:30  Overlord  
  44  3:31  Spore Crawler  
  42  3:35  Drone x2  
  42  3:36  Queen  
  42  3:39  Drone x2  
  48  3:43  Drone x3  
  48  3:46  Overlord  
  51  3:53  Drone x3  
  54  4:00  Drone x2  
  54  4:04  Drone  
  54  4:08  Drone  
  56  4:12  Drone x4  
  56  4:14  Spore Crawler  
  56  4:15  Queen  
  56  4:16  Drone  
  62  4:19  Drone  
  62  4:20  Evolution Chamber  
  62  4:23  Drone x3  
  65  4:27  Overlord  
  65  4:29  Drone x2  
  67  4:38  Hatchery  
  67  4:40  Spore Crawler, Zergling x2  
  67  4:41  Zergling x2  
  70  4:45  Drone x4  
  70  4:48  Zerg Melee Weapons Level 1  
  70  4:49  Drone  
  70  4:50  Extractor  
  68  4:56  Drone x4  
  68  4:57  Drone  
  72  5:00  Drone x3  
  72  5:04  Extractor  
  72  5:05  Drone  
  75  5:08  Zergling x2  
  75  5:12  Zergling x2  
  77  5:18  Zergling x12  
  81  5:23  Evolution Chamber  
  79  5:34  Lair  
  77  5:49  Overlord  
  77  5:52  Overlord  
  77  5:53  Overlord  
  77  5:55  Overlord  
  77  5:56  Overlord  
  77  5:57  Drone x3  
  77  5:59  Overlord  
  77  6:00  Extractor, Hatchery  
  77  6:01  Overlord  
  77  6:02  Drone x2  
  80  6:05  Overlord  
  80  6:08  Zergling x2  
  80  6:09  Zergling x8  
  80  6:11  Drone x2  
  86  6:14  Zergling x4  
  88  6:22  Zergling x4  
  88  6:25  Drone x4  
  94  6:28  Zergling x2  
  94  6:29  Zergling x6  
  94  6:31  Queen  
  99  6:33  Drone  
  99  6:34  Hydralisk Den  
  99  6:35  Zergling x14  
  99  6:39  Infestation Pit  
  105  6:42  Zergling x4  
  107  6:49  Drone, Zerg Melee Weapons Level 2  
  107  6:50  Zergling x6  
  107  6:53  Zergling x6  
  114  6:56  Zergling x4  
  114  7:01  Zergling x18  
  124  7:04  Zergling x4  
  125  7:10  Zergling x4  
  125  7:12  Queen x2  
  125  7:14  Muscular Augments  
  127  7:16  Zergling x2  
  127  7:17  Zergling x2  
  127  7:21  Zergling x10  
  126  7:23  Queen  
  126  7:25  Zergling x10  
  130  7:41  Overlord  
  129  7:49  Zergling x2  
  114  8:00  Overlord  
  114  8:01  Hydralisk x9  
  114  8:04  Overlord  
  132  8:06  Overlord  
  130  8:13  Hydralisk x2  
  130  8:16  Drone x3  
  130  8:18  Drone, Grooved Spines, Overlord  
  133  8:20  Infestation Pit, Drone x3  
  133  8:21  Extractor  
  133  8:23  Drone x5  
  133  8:24  Drone x3  
  133  8:26  Drone x6  
  148  8:30  Extractor  
  148  8:33  Drone  
  148  8:37  Drone x6  
  148  8:39  Extractor  
  148  8:41  Extractor  
  152  8:50  Zergling x12  
  152  8:55  Lurker Den  
  157  8:58  Spine Crawler  
  157  9:00  Hydralisk x8  
  157  9:01  Zergling x2  
  165  9:03  Zergling x2  
  165  9:05  Overlord x2, Zerg Missile Weapons Level 1  
  165  9:06  Hive  
  165  9:13  Overlord  
  165  9:20  Zergling x6  
  165  9:21  Overlord  
  162  9:24  Zergling x28  
  162  9:29  Hydralisk  
  174  9:33  Hydralisk x4  
  175  9:39  Zergling x8  
  175  9:44  Hydralisk  
  180  9:50  Hydralisk x7  
  182  9:55  Hatchery  
  182  9:58  Zergling x14  
  186  10:01  Lurker x2  
  186  10:02  Zergling x2  
  186  10:03  Zergling x4  
  187  10:07  Lurker  
  187  10:08  Lurker x2  
  187  10:11  Zergling x2  
  187  10:12  Zergling x2  
  183  10:18  Zergling x18  
  190  10:26  Lurker  
  190  10:29  Zergling x4  
  190  10:34  Zergling x12  
  187  10:38  Seismic Spines  
  187  10:41  Overseer  
  179  10:48  Viper  
  182  10:51  Lurker x6  
  182  10:55  Spine Crawler  
  182  10:56  Spine Crawler, Spore Crawler  
  179  11:09  Lurker x4  
  182  11:12  Zergling x32  
  194  11:35  Adaptive Talons  
  192  11:40  Extractor  
  192  11:43  Zergling x26  
  192  11:48  Extractor  
  183  12:02  Hatchery  
  183  12:03  Lurker x2, Hatchery  
  176  12:15  Drone x2  
  178  12:17  Hydralisk x4  
  178  12:22  Zergling x16  
Tags
 
Add a new tag
Caveats
  • Supply blocks, unpowered buildings, or Contaminate may cause inaccurate times.
  • Supply counts are checked every 10 seconds.